 Dungeon Crawl Stone Soup version 0.30-a0-867-g305f33218d (webtiles) character file.

Game seed: 5902635546258685214

29031 Grim the Warrior (level 13, -14/127 HPs)
             Began as a Minotaur Berserker on Mar 10, 2023.
             Was a High Priest of Trog.
             Demolished by a rakshasa (illusionary)
             ... wielding a +1 long sword
              (15 damage)
             ... on level 13 of the Dungeon.
             The game lasted 00:25:01 (13590 turns).

Grim the Warrior (Minotaur Berserker)              Turns: 13590, Time: 00:25:02

Health: -14/127    AC: 15    Str: 25    XL:     13   Next: 13%
Magic:  4/4        EV: 17    Int:  6    God:    Trog [*****.]
Gold:   731        SH:  5    Dex: 16    Spells: 12/12 levels left

rFire   . . .      SeeInvis .    a - +3 executioner's axe (antimagic)
rCold   + . .      Faith    .    (shield currently unavailable)
rNeg    + . .      Spirit   .    c - +0 ring mail {rC+}
rPois   .          Reflect  +    (helmet restricted)
rElec   .          Rampage  .    r - +0 cloak
rCorr   .                        w - +1 pair of gloves
Will    .....                    (no boots)
Stlth   +                        B - amulet of reflection
HPRegen 0.41/turn                R - +4 ring of protection
MPRegen 0.09/turn                S - ring "Mefugir" {rN+ Dex+6}

@: on berserk cooldown, slowed, very slow
A: horns 2, retaliatory headbutt
a: Renounce Religion, Berserk, Trog's Hand, Brothers in Arms


You were on level 13 of the Dungeon.
You worshipped Trog.
Trog was extremely pleased with you.
You visited 1 branch of the dungeon, and saw 13 of its levels.
You also visited: Bailey.

You collected 731 gold pieces.

Inventory:

Hand Weapons
 a - a +3 antimagic executioner's axe (weapon)
 b - a +0 arbalest
 Q - a +0 broad axe
Missiles
 m - 11 boomerangs (quivered)
 q - 22 poisoned darts
 L - 3 boomerangs of dispersal
Armour
 c - a +0 ring mail of cold resistance (worn)
 r - a +0 cloak (worn)
 w - a +1 pair of gloves (worn)
 P - the +5 ring mail "Situd" {rC- rCorr Int+6 SInv}
   (You found it on level 8 of the Dungeon)

   Int:       It affects your intelligence (+6).
   rC:        It makes you vulnerable to cold.
   SInv:      It lets you see invisible.
   rCorr:     It protects you from acid and corrosion.
Jewellery
 B - an amulet of reflection (around neck)
 C - a ring of positive energy
 D - a ring of ice
 R - a +4 ring of protection (left hand)
 S - the ring "Mefugir" (right hand) {rN+ Dex+6}
   (You found it on level 9 of the Dungeon)

   [ring of dexterity]

   Dex:       It affects your dexterity (+6).
   rN:        It protects you from negative energy.
Wands
 n - a wand of quicksilver (12)
 p - a wand of digging (3)
 s - a wand of mindburst (18)
 K - a wand of iceblast (16)
 N - a wand of flame (12)
 O - a wand of charming (14)
Scrolls
 d - 12 scrolls of teleportation {unknown}
 f - 11 scrolls of identify {unknown}
 i - a scroll of immolation {unknown}
 k - 3 scrolls of fog {unknown}
 l - 3 scrolls of fear {unknown}
 o - 2 scrolls of amnesia {unknown}
 y - 3 scrolls of butterflies {unknown}
 E - a scroll of acquirement {unknown}
 I - 2 scrolls of magic mapping {unknown}
 J - 2 scrolls of blinking {unknown}
 M - a scroll of enchant armour {unknown}
 T - a scroll of vulnerability {unknown}
 U - a scroll of enchant weapon {unknown}
 W - a scroll of noise {unknown}
 Y - a scroll of silence {unknown}
 Z - a scroll of poison {unknown}
Potions
 e - 6 potions of attraction {unknown}
 g - 2 potions of lignification {unknown}
 h - 8 potions of curing {unknown}
 j - 3 potions of heal wounds
 t - a potion of magic {unknown}
 u - 3 potions of brilliance {unknown}
 v - a potion of resistance {unknown}
 x - 4 potions of might {unknown}
 z - 2 potions of cancellation {unknown}
 A - a potion of ambrosia {unknown}
 F - 2 potions of invisibility {unknown}
 G - 2 potions of mutation {unknown}
 H - 2 potions of haste {unknown}
 V - a potion of flight {unknown}
 X - 2 potions of degeneration {unknown}


   Skills:
 - Level 15.4 Fighting
 - Level 15.0 Axes
 + Level 12.1 Armour
 + Level 11.2 Dodging


You had 12 spell levels left.
You didn't know any spells.
Your spell library was empty.

Dungeon Overview and Level Annotations

Branches:
Dungeon (13/15)            Temple (0/1) D:4            Lair (0/5) D:8
    Orc (0/2) D:12         Bailey (visited)
 Vaults: D:13-14

Altars:
Ashenzari
Cheibriados
Dithmenos
Fedhas
Gozag
Okawaru
Ru
Sif Muna
Trog
Uskayaw
Xom
Zin

Shops:
D:13 *

Annotations:
D:3 3 runed translucent doors, ho4mwr's ghost, amateur KoHu


Innate Abilities, Weirdness & Mutations

You have a pair of horns on your head.
You reflexively headbutt those who attack you in melee.


Message History

You barely miss the troll. You headbutt the troll!
The troll is moderately wounded.
The troll barely misses you. The troll claws you but does no damage.
The troll closely misses you.
You slice the troll!!
You kill the troll!
Trog accepts your kill.
A rakshasa comes into view. It is wielding a +1 long sword.
Items here: ) †††.
The rakshasa hits you with a +1 long sword!
* * * LOW HITPOINT WARNING * * *
You slice the rakshasa!!
The rakshasa's magic leaks into the air.
The rakshasa is heavily wounded.
The rakshasa barely misses you.
The rakshasa falters for a moment.
You closely miss the rakshasa. Your headbutt misses the rakshasa.
The rakshasa is heavily wounded.
The rakshasa hits you with a +1 long sword!
* * * LOW HITPOINT WARNING * * *
You slash the rakshasa!
The rakshasa's magic leaks into the air.
You headbutt the rakshasa, but do no damage.
The rakshasa is severely wounded.
The injured rakshasa weaves a defensive illusion!
The rakshasa hits you with a +1 long sword.
* * * LOW HITPOINT WARNING * * *
The rakshasa barely misses you. The rakshasa misses you.
The rakshasa hits you with a +1 long sword!
* * * LOW HITPOINT WARNING * * *
You completely miss the rakshasa. You headbutt the rakshasa.
The rakshasa is severely wounded.
You slice the rakshasa!!
You kill the rakshasa!
The rakshasa shimmers and vanishes!
You closely miss the rakshasa.
The rakshasa hits you with a +1 long sword!
* * * LOW HITPOINT WARNING * * *
The rakshasa closely misses you. You furiously retaliate!
You headbutt the rakshasa, but do no damage.
The rakshasa hits you with a +1 long sword!
You die...

................
................
................
###############.........
..............#..<.....
#....#.#.#...##.#.....
....#.#.....#.......
#R.R#......##......
#@#.#......#......
..#.)#.......##.....
#..#[...#####.#.....
##......# #.##.###
##.....###$#..#.#
##......).#..#.#
#####################..###
..........................
....
..........................


You could see 2 rakshasas.

Vanquished Creatures
  Snorg (D:13)
  A fire dragon (D:9)
  Fannar (D:12)
  A vault guard (Bailey)
  A boulder beetle (D:13)
  Erica (D:10)
  A catoblepas (D:9)
  A centaur warrior (D:13)
  5 two-headed ogres
  A tengu warrior (D:13)
  An orc knight (D:9)
  A necromancer (D:13)
  A deep elf zephyrmancer (D:9)
  An ugly thing (D:12)
  4 cyclopes
  4 unseen horrors
  Maggie (D:6)
  A gargoyle (D:11)
  A komodo dragon (D:8)
  A kobold demonologist (D:11)
  An efreet (D:13)
  7 trolls
  4 slime creatures
  11 yaks
  5 humans (Bailey)
  A wyvern (D:9)
  A basilisk (D:9)
  16 vampire mosquitoes
  Menkaure (D:5)
  3 acid dragons
  7 water moccasins
  A sky beast (D:6)
  3 ice beasts
  7 orc warriors
  10 centaurs
  4 phantoms
  2 kobold brigands
  13 bullfrogs
  6 scorpions
  8 wights
  3 troll zombies (D:12)
  3 howler monkeys
  7 hounds
  7 orc priests
  2 gnoll boudas
  A jelly (D:6)
  19 orc wizards
  A sleepcap (D:4)
  Ijyb (D:5)
  3 iguanas
  Natasha (thrice) (D:3)
  3 ogre zombies (D:12)
  12 adders
  19 gnolls
  7 shadow imps
  2 white imps
  An ufetubus (D:6)
  2 worms
  3 dart slugs
  44 orcs
  3 endoplasms
  A giant cockroach (D:4)
  10 goblins
  6 hobgoblins
  13 kobolds
  4 quokkas
  6 ball pythons
  7 bats
  4 frilled lizards
  2 goblin zombies (D:12)
  A hobgoblin skeleton (D:12)
  A hobgoblin zombie (D:12)
  An orc skeleton (D:12)
  14 orc zombies (D:12)
  5 rats
362 creatures vanquished.

Vanquished Creatures (collateral kills)
  A vault guard (Bailey)
  Prince Ribbit (Bailey)
2 creatures vanquished.

Vanquished Creatures (others)
  A harpy (shapeshifter) (D:9)
  49 fungi (D:8)
  40 plants (D:8)
90 creatures vanquished.

Grand Total: 454 creatures vanquished

Notes
Turn   | Place    | Note
-------+----------+-------------------------------------------
     0 | D:1      | Grim the Minotaur Berserker began the quest for the Orb.
     0 | D:1      | Reached XP level 1. HP: 19/19 MP: 0/0
   206 | D:1      | Reached XP level 2. HP: 18/26 MP: 1/1
   479 | D:2      | Reached skill level 5 in Axes
   479 | D:2      | Reached XP level 3. HP: 31/31 MP: 2/2
   817 | D:2      | Reached ** piety under Trog
   890 | D:2      | Reached XP level 4. HP: 38/39 MP: 3/3
  1158 | D:3      | Noticed ho4mwr's ghost (amateur KoHu)
  1212 | D:3      | Found a runed translucent gate.
  1212 | D:3      | Found a runed translucent gate.
  1212 | D:3      | Found a runed translucent gate.
  1244 | D:3      | Noticed Natasha
  1246 | D:3      | Killed Natasha
  1261 | D:3      | Noticed Natasha
  1270 | D:3      | Killed Natasha
  1463 | D:3      | Reached XP level 5. HP: 38/45 MP: 4/4
  1824 | D:3      | Noticed Natasha
  1835 | D:3      | Killed Natasha
  2157 | D:4      | Found a sacrificial altar of Ru.
  2317 | D:4      | Reached XP level 6. HP: 42/51 MP: 5/5
  2539 | D:4      | Found a staircase to the Ecumenical Temple.
  2649 | D:4      | Reached *** piety under Trog
  2891 | D:4      | Found a hide-covered altar of Uskayaw.
  3028 | D:5      | Entered Level 5 of the Dungeon
  3032 | D:5      | Noticed Menkaure
  3039 | D:5      | Killed Menkaure
  3040 | D:5      | Reached skill level 10 in Axes
  3040 | D:5      | Reached XP level 7. HP: 57/57 MP: 6/6
  3183 | D:5      | Noticed Ijyb
  3192 | D:5      | Killed Ijyb
  3309 | D:5      | Found an opulent altar of Gozag.
  3598 | D:5      | Reached XP level 8. HP: 45/64 MP: 7/7
  4508 | D:6      | Noticed Maggie
  4521 | D:6      | Killed Maggie
  4522 | D:6      | Reached XP level 9. HP: 70/70 MP: 8/8
  4787 | D:6      | Reached skill level 15 in Axes
  4943 | D:6      | Found a shadowy altar of Dithmenos.
  5127 | D:6      | Reached **** piety under Trog
  5427 | D:7      | Reached skill level 5 in Fighting
  5471 | D:7      | Found a flagged portal.
  5551 | Bailey   | Entered a bailey
  5747 | Bailey   | Noticed a vault guard
  5747 | Bailey   | Noticed Prince Ribbit
  5759 | Bailey   | Killed a vault guard
  5760 | Bailey   | Reached skill level 10 in Fighting
  5760 | Bailey   | Reached XP level 10. HP: 93/93 MP: 9/9
  5761 | Bailey   | Killed Prince Ribbit
  5850 | Bailey   | Noticed a vault guard
  5859 | Bailey   | Killed a vault guard
  6324 | D:7      | Found an iron altar of Okawaru.
  6614 | D:7      | You fall into a shaft and drop 3 floors!
  6614 | D:10     | Entered Level 10 of the Dungeon
  6619 | D:10     | Noticed Erica
  6703 | D:9      | Noticed an orc knight
  6718 | D:9      | Killed an orc knight
  6982 | D:9      | Found a shimmering altar of Xom.
  7077 | D:8      | Reached XP level 11. HP: 69/108 MP: 10/10
  7367 | D:8      | Found a snail-covered altar of Cheibriados.
  7369 | D:8      | Found a blossoming altar of Fedhas.
  7372 | D:8      | Found a shimmering blue altar of Sif Muna.
  7597 | D:8      | Noticed a two-headed ogre
  7605 | D:8      | Killed a two-headed ogre
  7737 | D:8      | Reached skill level 15 in Fighting
  7990 | D:8      | Found a staircase to the Lair.
  8609 | D:8      | Identified the +5 ring mail "Situd" {rC- rCorr Int+6 SInv}
  9425 | D:9      | Noticed a fire dragon
  9431 | D:9      | Killed a fire dragon
  9599 | D:9      | Noticed a fire crab
  9604 | D:9      | a fire crab changed into a harpy
  9604 | D:9      | Noticed a harpy (shapeshifter)
  9605 | D:9      | Killed a harpy
  9606 | D:9      | Reached skill level 5 in Armour
  9878 | D:9      | Identified the ring "Mefugir" {rN+ Dex+6}
  9974 | D:9      | Noticed a two-headed ogre
  9979 | D:9      | Killed a two-headed ogre
  9980 | D:9      | Reached skill level 5 in Dodging
 10145 | D:9      | Noticed a deep elf zephyrmancer
 10150 | D:9      | Killed a deep elf zephyrmancer
 10150 | D:9      | Noticed a catoblepas
 10155 | D:9      | Killed a catoblepas
 10218 | D:9      | Identified the +1 shortbow of Viulew {speed, Str+3 Int-5
                  | Dex+2}
 10277 | D:9      | Found a broken altar of Ashenzari.
 10443 | D:10     | Killed Erica
 10444 | D:10     | Reached XP level 12. HP: 121/121 MP: 11/11
 10530 | D:10     | Reached ***** piety under Trog
 10692 | D:10     | Noticed a two-headed ogre
 10693 | D:10     | Noticed a two-headed ogre
 10702 | D:10     | Killed a two-headed ogre
 10706 | D:10     | Killed a two-headed ogre
 11963 | D:12     | Found a bloodstained altar of Trog.
 12043 | D:12     | Found a staircase to the Orcish Mines.
 12054 | D:12     | Reached skill level 10 in Armour
 12313 | D:12     | Noticed Fannar
 12332 | D:12     | Killed Fannar
 12339 | D:12     | Reached skill level 10 in Dodging
 12593 | D:12     | Received a gift from Trog
 12937 | D:13     | Noticed a two-headed ogre
 12943 | D:13     | Killed a two-headed ogre
 12982 | D:13     | Noticed a tengu warrior
 12984 | D:13     | Noticed a two-headed ogre
 13010 | D:13     | Killed a tengu warrior
 13249 | D:13     | Found Zin's Purification Station.
 13252 | D:13     | Found a glowing silver altar of Zin.
 13260 | D:13     | Noticed Snorg
 13273 | D:13     | Killed Snorg
 13274 | D:13     | Reached XP level 13. HP: 127/127 MP: 4/12
 13590 | D:13     | HP: 1/127 [rakshasa/+1 long sword (11)]
 13590 | D:13     | Demolished by a rakshasa (illusionary)

Illustrated notes

Levels and vault maps discovered:
D:1:      dpeg_arrival_stone_temple_mockup, layout_rooms, st_stairs_1
D:2:      layout_rooms, minivault_19
D:3:      minmay_octagon_keep, layout_basic, gammafunk_ghost_icy, uniq_natasha
D:4:      layout_basic, mainiacjoe_overflow_chevrons, kennysheep_mini_moat,
          minmay_temple_entry_junction_2
D:5:      layout_basic, mainiacjoe_overflow_brackets, uniq_menkaure, uniq_ijyb
D:6:      layout_cave_pools, lemuel_coloured_pillars_altar,
          minmay_fractal_squares_gapless_5, uniq_maggie
D:7:      layout_loops_cross, okawaru_trees_2, enter_bailey_3
D:8:      layout_layer_cave, grunt_temple_overflow_open,
          due_lair_maze_entry_diamond, palyth_stone_intersect
D:9:      minmay_chopped_fan, layout_basic, xom_confusion_cloud,
          mainiacjoe_overflow_alcove_1
D:10:     layout_basic, uniq_erica
D:11:     layout_loops_ring
D:12:     layout_stronghold, zombieorc1_lemuel, trog_three_pillars_becter,
          uniq_fannar
D:13:     minmay_the_grid_triangle_9x9_line_8_mashed
          [minmay_the_grid_triangle_9x9_intruding_spiral,
          minmay_the_grid_triangle_9x9_limited_checkers,
          minmay_the_grid_triangle_9x9_semitri,
          minmay_the_grid_triangle_9x9_longest,
          minmay_the_grid_triangle_9x9_steps,
          minmay_the_grid_triangle_9x9_swiss_cheese,
          minmay_the_grid_triangle_9x9_flanged_cone,
          minmay_the_grid_triangle_9x9_prize_insulated], layout_long_grid,
          david_vaults_1, zin_purify, uniq_snorg

Skill      XL: |  1  2  3  4  5  6  7  8  9 10 11 12 13 |
---------------+----------------------------------------+-----
Axes           | 4 5 6 7 8 10 11 14 15 | 15.0
Fighting       | 10 14 15 | 15.4
Armour         | 7 11 12 | 12.1
Dodging        | 7 10 11 | 11.2

Action                     |  1- 3 |  4- 6 |  7- 9 | 10-12 | 13-15 || total
---------------------------+-------+-------+-------+-------+-------++-------
  Melee: Hand axe          |    64 |   154 |   279 |   174 |       ||   671
         Headbutt          |     8 |    25 |    45 |   106 |    12 ||   196
         Punch             |     2 |     2 |     4 |     8 |       ||    16
         Broad axe         |       |       |       |   298 |       ||   298
         Executioner's axe |       |       |       |    28 |    35 ||    63
   Fire: Arbalest          |       |       |       |     2 |       ||     2
  Throw: Boomerang         |       |     1 |    10 |       |       ||    11
 Invoke: Berserk           |     1 |     5 |     8 |    17 |     1 ||    32
         Trog's Hand       |       |     1 |     4 |     3 |       ||     8
         Brothers in Arms  |       |       |     1 |       |       ||     1
 Armour: Ring mail         |    12 |    44 |    71 |   175 |    12 ||   314
  Dodge: Dodged            |    36 |    70 |    97 |   320 |    46 ||   569
  Block: Other             |       |       |       |    20 |    10 ||    30
         Reflection        |       |       |       |     1 |       ||     1

Table legend: (Time is in decaauts)
 A = Elapsed time spent in this place.
 B = Non-inter-level travel time spent in this place.
 C = Inter-level travel time spent in this place.
 D = Time resting spent in this place.
 E = Time spent auto-exploring this place.
 F = Levels seen in this place.
 G = Mean time per level.
                   A        B        C        D        E       F      G
               +--------+--------+--------+--------+--------+-----+--------+
         Total |  13711 |  13377 |    334 |   4492 |   6846 |  14 |  979.4 |
       Dungeon |  13234 |  12900 |    334 |   4251 |   6710 |  13 | 1018.0 |
        Bailey |    477 |    477 |      0 |    241 |    136 |   1 |  477.0 |
               +--------+--------+--------+--------+--------+-----+--------+

Top non-repeatable levels by time:
     D:8: 2232 daAuts
     D:9: 1440 daAuts
     D:6: 1236 daAuts
     D:3: 1173 daAuts
    D:12: 1119 daAuts
     D:5: 1037 daAuts
    D:11: 935 daAuts
     D:4: 923 daAuts
     D:7: 916 daAuts
    D:13: 674 daAuts
    D:10: 545 daAuts
     D:1: 510 daAuts
     D:2: 489 daAuts
  Bailey: 477 daAuts
